 Dungeon Crawl Stone Soup version 0.32-a0-675-gdc239d62e1 (webtiles) character file.

Game seed: 15360529096862282140

298 BeKind the Chiller (level 6, -1/36 HPs)
             Began as an Octopode Ice Elementalist on Mar 11, 2024.
             Slain by a goblin
             ... wielding a +0 club
             ... led by Robin
              (5 damage)
             ... on level 4 of the Dungeon.
             The game lasted 00:04:41 (2548 turns).

BeKind the Chiller (Octopode Ice Elementalist)      Turns: 2548, Time: 00:04:41

Health: -1/36      AC:  1    Str:  5 (7)  XL:     6   Next: 35%
Magic:  11/11      EV: 13    Int: 22 (23) God:
Gold:   175        SH:  0    Dex:  8 (11) Spells: 4/11 levels left

rFire   + . .        b - +0 dagger
rCold   . . .        (no shield)
rNeg    . . .        (helmet restricted)
rPois   .            h - amulet of magic regeneration
rElec   +            k - ring of protection from fire
rCorr   .            (no ring)
SInv    .            (no ring)
Will    .....        (no ring)
Stlth   ++++         (no ring)
HPRegen 1.06/turn    (no ring)
MPRegen 0.52/turn    (no ring)
                     (no ring)

%: no passive effects
@: on berserk cooldown, attractive, very slightly contaminated, slowed, very
slow
A: almost no armour, amphibious, 8 rings, camouflage 1, gelatinous body 1,
nimble swimmer 1, tentacles, clever 1, regeneration 1, electricity resistance
a: no special abilities


You were on level 4 of the Dungeon.
You visited 1 branch of the dungeon, and saw 4 of its levels.

You collected 175 gold pieces.

Inventory:

Hand Weapons
 b - a +0 dagger (weapon)
Missiles
 q - a throwing net
Jewellery
 h - an amulet of magic regeneration (around mantle)
 i - an amulet of the acrobat
 k - a ring of protection from fire (left tentacle)
Wands
 p - a wand of charming (7)
Scrolls
 c - a scroll of teleportation {unknown}
 d - a scroll of acquirement {unknown}
 e - 5 scrolls of identify {unknown}
 f - a scroll of fear {unknown}
 l - a scroll of enchant weapon {unknown}
 n - 2 scrolls of enchant armour {unknown}
Potions
 a - 2 potions of magic
 m - a potion of attraction


   Skills:
 + Level 3.6 Dodging
 - Level 3.0 Stealth
 + Level 3.3 Spellcasting
 * Level 2.8 Summonings
 + Level 5.0 Ice Magic


You had 4 spell levels left.
You knew the following spells:

 Your Spells              Type           Power      Damage    Failure   Level
a - Freeze                Ice            100%       1d10      1%          1
b - Frozen Ramparts       Ice            50%        1d8       4%          3
c - Summon Ice Beast      Ice/Summ       20%        N/A       7%          3

Your spell library contained the following spells:

 Spells                   Type           Power      Damage    Failure   Level
 Ozocubu's Armour         Ice            25%        N/A       4%          3
 Magic Dart               Conj           12%        1d3       12%         1
 Searing Ray              Conj           6%         2d4       19%         2
 Dazzling Flash           Conj/Hex       6%         N/A       34%         3
 Summon Blazeheart Golem  Fire/Summ      9%         N/A       56%         4
 Fulminant Prism          Conj/Alch      1%         3d5       75%         4
 Malign Gateway           Summ/Tloc      4%         N/A       100%        7


Dungeon Overview and Level Annotations

Branches:
Dungeon (4/15)
 Temple: D:4-7

Altars:
Trog

Shops:
D:2 (

Annotations:
D:4 1 runed translucent door


Innate Abilities, Weirdness & Mutations

You cannot wear most types of armour.
You are amphibious.
You can wear up to eight rings at the same time.
Your skin changes colour to match your surroundings (Stealth+).
Your rubbery body absorbs attacks. (AC +1, EV +1)
You are camouflaged when in or above water. (Stealth+)
You have tentacles for arms and can constrict up to eight enemies at once.
Your mind is acute. (Int +4, Str/Dex -1)
Your natural rate of healing is unusually fast.
You are resistant to electric shocks. (rElec)


Message History

The goblin hits you but does no damage.
The quokka splashes around in the water.
The goblin misses you.
Found a runed translucent door.
The goblin barely misses you. The goblin attacks as it pursues you!
The goblin barely misses you.
The goblin splashes around in the water.
The quokka attacks as it pursues you!
The quokka bites you but does no damage.
The quokka bites you. The goblin attacks as it pursues you!
The goblin hits you with a +0 club.
There is a collapsed entrance here.
You see here a +0 chain mail.
You enter the shallow water.
The quokka attacks as it pursues you! The quokka closely misses you.
The goblin attacks as it pursues you! The goblin barely misses you.
The quokka closely misses you. The goblin is attracted toward you.
Casting: Summon Ice Beast (dangerous; 9% risk of failure)
Confirm with . or Enter, or press ? or * to list all spells.
You miscast Summon Ice Beast.
You are very lightly contaminated with residual magic.
Nothing appears to happen.
The quokka bites you.
* * * LOW HITPOINT WARNING * * *
Unknown command.
The goblin misses you. The quokka bites you.
* * * LOW HITPOINT WARNING * * *
It was a potion of degeneration.
There was something very wrong with that liquid.
You feel weakened.
You feel dopey.
You feel clumsy.
The quokka bites you but does no damage.
The goblin hits you with a +0 club.
* * * LOW HITPOINT WARNING * * *
The goblin splashes around in the water.
It was a potion of mutation.
You feel extremely strange.
You begin to heal more quickly.
You feel clever.
You feel insulated. The quokka misses you. The goblin closely misses you.
The goblin misses you.
The quokka twitches its whiskers.
The quokka bites you.
* * * LOW HITPOINT WARNING * * *
The goblin hits you with a +0 club.
You die...

##########
.........#....##
.........#.....
.........#.....
.........#....
.........##+##
.......<.#~~~#
.........#~~~#
.........#~@g#
.........#grg#
.........#~[~#
...#
.........#~~~#
...#
.........#~~~#
....#
..###+#..#~~~#
##....# ..
#..#~~~# ......#
#..##†##+......#
#.......#......#


You could see a quokka and 3 goblins.

Vanquished Creatures
  The ghost of Dynojp the Shooter, an amateur BaHu (D:4)
  5 adders
  2 river rats (D:4)
  A dart slug (D:3)
  6 ribbon worms
  2 orcs (D:3)
  3 bats (D:1)
  4 endoplasms
  2 giant cockroaches
  3 goblins
  4 hobgoblins
  4 jackals (D:1)
  3 quokkas
  6 ball pythons
  3 frilled lizards
  3 kobolds
  4 rats
56 creatures vanquished.

Vanquished Creatures (collateral kills)
  An iguana (D:4)
  2 ribbon worms (D:3)
3 creatures vanquished.

Vanquished Creatures (others)
  An arcanist (D:3)
1 creature vanquished.

Grand Total: 60 creatures vanquished

Notes
Turn   | Place    | Note
-------+----------+-------------------------------------------
     0 | D:1      | BeKind the Octopode Ice Elementalist began the quest for
                  | the Orb.
     0 | D:1      | Reached XP level 1. HP: 11/11 MP: 3/3
   220 | D:1      | Reached XP level 2. HP: 14/17 MP: 5/5
   660 | D:1      | Reached XP level 3. HP: 19/21 MP: 6/6
  1340 | D:2      | Learned a level 3 spell: Frozen Ramparts
  1555 | D:2      | Found Moadosm's Weapon Shop.
  1558 | D:2      | Reached XP level 4. HP: 27/27 MP: 6/8
  1756 | D:2      | Learned a level 3 spell: Summon Ice Beast
  1972 | D:3      | Found a bloodstained altar of Trog.
  1974 | D:3      | Noticed a wizard
  1979 | D:3      | Killed a wizard
  2057 | D:3      | Reached skill level 1 in Summonings
  2322 | D:3      | Got the Directory of Execration and Mustering
  2509 | D:4      | Reached XP level 5. HP: 31/31 MP: 9/9
  2510 | D:4      | Found a runed translucent door.
  2511 | D:4      | Noticed Dynojp's ghost (amateur BaHu)
  2531 | D:4      | Killed Dynojp's ghost
  2532 | D:4      | Reached skill level 5 in Ice Magic
  2532 | D:4      | Reached XP level 6. HP: 36/36 MP: 10/10
  2541 | D:4      | Found a runed translucent door.
  2548 | D:4      | Gained mutation: Your natural rate of healing is unusually
                  | fast. [potion of mutation]
  2548 | D:4      | Gained mutation: Your mind is acute. (Int +4, Str/Dex -1)
                  | [potion of mutation]
  2548 | D:4      | Gained mutation: You are resistant to electric shocks.
                  | (rElec) [potion of mutation]
  2548 | D:4      | Slain by a goblin

Illustrated notes

Levels and vault maps discovered:
D:1:      amcnicky_arrival_single_pillar, layout_loops_ring,
          minmay_misc_feat_four_crosses, chequers_serial_rivers_large_b
D:2:      layout_loops_ring, serial_shops, nicolae_shop_rolling_square
D:3:      cheibrodos_helix_gallery, layout_basic, trog_wizard
D:4:      layout_gridville, minmay_temple_entry_mist, ebering_ghost_sewer_f,
          uniq_robin

Skill      XL: |  1  2  3  4  5 |
---------------+----------------+-----
Stealth        | 3 |  3.0
Dodging        | 3 |  3.6
Summonings     | 1 2 |  2.8
Spellcasting   | 3 |  3.3
Ice Magic      | 5 |  5.0

Action                     |  1- 3 |  4- 6 || total
---------------------------+-------+-------++-------
  Melee: Dagger            |    36 |    45 ||    81
         Constrict         |    11 |    11 ||    22
         Tentacles         |     6 |    12 ||    18
   Cast: Freeze            |    26 |    12 ||    38
         Summon Ice Beast  |       |     2 ||     2
         Frozen Ramparts   |       |     2 ||     2
    Use: Potion            |       |     4 ||     4
   Stab: Sleeping          |     4 |     5 ||     9
         Distracted        |     1 |     1 ||     2
 Armour: Skin              |    18 |    31 ||    49
  Dodge: Dodged            |    33 |    53 ||    86

Table legend: (Time is in decaauts)
 A = Elapsed time spent in this place.
 B = Non-inter-level travel time spent in this place.
 C = Inter-level travel time spent in this place.
 D = Time resting spent in this place.
 E = Time spent auto-exploring this place.
 F = Levels seen in this place.
 G = Mean time per level.
                   A        B        C        D        E       F      G
               +--------+--------+--------+--------+--------+-----+--------+
         Total |   2548 |   2413 |    135 |      0 |   1970 |   4 |  637.0 |
       Dungeon |   2548 |   2413 |    135 |      0 |   1970 |   4 |  637.0 |
               +--------+--------+--------+--------+--------+-----+--------+

Top non-repeatable levels by time:
     D:1: 1066 daAuts
     D:2: 718 daAuts
     D:3: 707 daAuts
     D:4: 56 daAuts
